 Dungeon Crawl Stone Soup version 0.31.0-32-g396128a36d (webtiles) character file.

Game seed: 16319470684745439426

14 Marvel the Cutter (level 2, -6/18 HPs)
             Began as an Octopode Wanderer on Mar 15, 2024.
             Mangled by an iguana (15 damage)
             ... on level 4 of the Dungeon.
             The game lasted 00:01:20 (701 turns).

Marvel the Cutter (Octopode Wanderer)                Turns: 701, Time: 00:01:21

Health: -6/18      AC:  1    Str: 10    XL:     2   Next: 45%
Magic:  3/3        EV: 13    Int: 14    God:
Gold:   125        SH:  0    Dex: 12    Spells: 3/3 levels left

rFire   . . .        a - +0 rapier
rCold   . . .        (no shield)
rNeg    . . .        b - +0 hat
rPois   .            (no amulet)
rElec   .            (no ring)
rCorr   .            (no ring)
SInv    .            (no ring)
Will    .....        (no ring)
Stlth   ++           (no ring)
HPRegen 0.23/turn    (no ring)
MPRegen 0.08/turn    (no ring)
                     (no ring)

%: no passive effects
@: no status effects
A: almost no armour, amphibious, 8 rings, camouflage 1, gelatinous body 1,
(nimble swimmer 1), tentacles
a: no special abilities


You were on level 4 of the Dungeon.
You visited 1 branch of the dungeon, and saw 3 of its levels.

You collected 125 gold pieces.

Inventory:

Hand Weapons
 a - a +0 rapier (weapon)
Missiles
 g - 6 poisoned darts (quivered)
Armour
 b - a +0 hat (worn)
Scrolls
 d - a scroll of identify {unknown}
 f - a scroll of vulnerability {unknown}
 i - a scroll of teleportation {unknown}
 j - a scroll of blinking {unknown}
 k - a scroll of enchant armour {unknown}
Potions
 c - a potion of might
 e - a potion of magic {unknown}
 h - a potion of cancellation {unknown}


   Skills:
 + Level 1.0 Fighting
 + Level 4.6 Short Blades
 + Level 2.0 Dodging
 - Level 1.0 Spellcasting
 - Level 2.1 Alchemy


You had 3 spell levels left.
You didn't know any spells.
Your spell library contained the following spells:

 Spells                   Type           Power      Damage    Failure   Level
 Mercury Vapours          Alch/Air       6%         N/A       26%         2
 Cigotuvi's Dreadful Rot  Necr/Alch/Air  4%         N/A       30%         2


Dungeon Overview and Level Annotations

Branches:
Dungeon (2/15)

Altars:

Shops:
D:1 (


Innate Abilities, Weirdness & Mutations

You cannot wear most types of armour.
You are amphibious.
You can wear up to eight rings at the same time.
Your skin changes colour to match your surroundings (Stealth+).
Your rubbery body absorbs attacks. (AC +1, EV +1)
((You are camouflaged when in or above water. (Stealth+)))
You have tentacles for arms and can constrict up to eight enemies at once.


Message History

The bat closely misses you. The bat hits you.
You hit the bat.
You kill the bat!
No target in view!
No target in view!
No target in view!
No target in view!
No target in view!
No target in view!
No target in view!
No target in view!
No target in view!
No target in view!
No target in view!
No target in view!
No target in view!
You open the door.
There is an open door here.
You see here a staff of conjuration.
A malevolent force fills the Dungeon...
You fall into a shaft and drop 2 floors!
The shaft crumbles and collapses.
An iguana comes into view.
The iguana hisses angrily.
The iguana bites you.
You hit the iguana but do no damage. You grab the iguana.
Your squeeze misses the iguana.
You constrict the iguana, but do no damage.
The iguana bites you!
You are too injured to fight recklessly!
You are too injured to fight recklessly!
You hit the iguana.
The iguana is moderately wounded.
You constrict the iguana. You hit the iguana but do no damage.
You squeeze the iguana.
The iguana is severely wounded.
You constrict the iguana, but do no damage.
The iguana bites you!
Ouch! That really hurt!
You die...

## .# ###.# [..
#.#####.##
....$.l@^#######
##.#.###.$......
#.#.##### #.# #
#.....# #####.#
..# #.. #..


You could see an iguana.

Vanquished Creatures
  2 endoplasms (D:1)
  A goblin (D:1)
  A hobgoblin (D:1)
  3 ball pythons (D:1)
  5 bats
  2 frilled lizards (D:1)
  A kobold (D:2)
  A rat (D:1)
16 creatures vanquished.

Notes
Turn   | Place    | Note
-------+----------+-------------------------------------------
     0 | D:1      | Marvel the Octopode Wanderer began the quest for the Orb.
     0 | D:1      | Marvel set off with the following items: a +0 rapier, a +0
                  | hat, a potion of might; and the following spells available
                  | to memorise: Mercury Vapours, Cigotuvi's Dreadful Rot.
     0 | D:1      | Reached XP level 1. HP: 13/13 MP: 2/2
   263 | D:1      | Found Uttevile's Antique Weapon Emporium.
   272 | D:1      | Reached XP level 2. HP: 17/18 MP: 3/3
   695 | D:2      | You fall into a shaft and drop 2 floors!
   701 | D:4      | Mangled by an iguana

Illustrated notes

Levels and vault maps discovered:
D:1:      lightli_arrival_statue_moat, layout_rooms, serial_shops,
          nicolae_shop_advertising_works [nicolae_subvault_shop_adworks],
          minmay_misc_feat_tower, kennysheep_small_spiral, minmay_tiny_reverse_x
D:2:      layout_basic
D:4:      layout_basic, minmay_temple_entry_mini_moons, minmay_misc_feat_cross

Action                     || total
---------------------------++-------
  Melee: Rapier            ||    26
         Tentacles         ||     7
         Constrict         ||     6
   Stab: Sleeping          ||     2
 Armour: Skin              ||    10
  Dodge: Dodged            ||    10
